[Event "Silver Lake Festival 2022"]
[Site "Veliko Gradiste"]
[Date "2022.06.26"]
[Round "9.4"]
[White "Sadikhov, Ulvi"]
[Black "Damljanovic, Branko"]
[Result "1-0"]
[ECO "A21"]
[WhiteElo "2491"]
[BlackElo "2469"]
[Annotator "TA"]
[PlyCount "113"]
[EventDate "2022.06.16"]
[EventType "swiss"]
[EventCountry "SRB"]
[SourceTitle "playchess.com"]
[Source "ChessBase"]
[SourceQuality "1"]
[TimeControl "5400+30"]

1. c4 g6 2. Nc3 Bg7 3. g3 d6 4. Bg2 e5 5. e4 Ne7 6. Nge2 Nd7 7. O-O O-O 8. d3 c6 {[%emt 0:01:05] A21: English Opening: 1...e5 2 Nc3.} 9. Rb1 f5 {[%emt 0:00:57] [#]} 10. exf5 $146 ({Predecessor:} 10. d4 Nf6 11. Bg5 Qc7 12. dxe5 dxe5 13. c5 h6 14. Bxf6 Rxf6 15. Qd3 Bd7 16. Rfd1 {1-0 (25) Foisor,C (2405)-Visanescu,D (1929) Sarata Monteoru 2011}) 10... gxf5 {[%emt 0:00:01][%cal Of5f4] The position is equal.} 11. b4 a6 12. f4 Ng6 13. Qc2 Nf6 14. c5 Kh8 15. Na4 Rb8 16. Kh1 (16. cxd6 $16 exf4 17. Nxf4) 16... Ne8 (16... Be6 $11) 17. Bb2 {[%emt 0:02:40] White is more active.} Be6 18. Rbe1 Bg8 19. a3 Nf6 (19... dxc5 $142 20. Nxc5 b6) 20. cxd6 $16 Ng4 (20... exf4 $16 21. Nxf4 Nxf4) 21. Qd2 (21. fxe5 $18 {Threatens to win with Nf4.} Ne3 22. Qc5 $1 Nxg2 23. Kxg2) 21... Qxd6 22. h3 ({Better is} 22. fxe5 $16 Bxe5 23. h3 Bxb2 24. Qxb2+ (24. hxg4 Be5 $11) 24... N4e5 25. Nf4) 22... Nf6 $14 23. fxe5 Nxe5 24. Nd4 ({But not} 24. Rxf5 Qxd3 25. Qxd3 (25. Qg5 $2 h6 $17) 25... Nxd3 $17) 24... Nh5 25. Re3 $132 {[%emt 0:00:24][%mdl 2048] White puts up resistance} f4 26. gxf4 Nxf4 27. Rxe5 Bxe5 $4 {[%emt 0:01:57][%mdl 8192] [#]} (27... Qxe5 $15 {stays ahead.} 28. Nxc6 Qe2 29. Qxe2 Nxe2 30. Bxg7+ Kxg7 31. Nxb8 Ng3+ 32. Kg1 Nxf1) 28. Rxf4 $1 $18 Bd5 {[%emt 0:00:56] [#]} (28... Rxf4 29. Qxf4) 29. Nf5 $2 (29. Bxd5 $1 $18 {and the rest is easy.} cxd5 (29... Rxf4 30. Qxf4) 30. Nf5) 29... Qf6 $16 30. Bxd5 Bxb2 31. Be4 ({Don't take} 31. Nxb2 cxd5 32. Na4 Qa1+ 33. Kg2 Rf6) 31... Be5 (31... Bxa3 $16 32. Rf1 Rbe8) 32. Rg4 b6 {[%emt 0:00:45] Inhibits Nc5.} 33. d4 (33. Rh4 $142 {aiming for Rh6.} Rg8 34. Qh6) 33... Bc7 34. Nc3 Rbe8 35. Bd3 Qe6 36. Qf2 (36. Qg5 $16 Rg8 37. Qh4) 36... Rf7 (36... Qb3 $14 37. Qd2 Qe6) 37. Re4 $18 Qd7 38. Rxe8+ Qxe8 39. Ne4 {[%emt 0:00:18] Against c5} ({Weaker is} 39. Bxa6 b5 40. d5 Be5 $17) 39... Rf8 40. Ng5 Qh5 {[%emt 0:00:40] [#]} 41. Qe3 $1 {[%emt 0:01:08] Qe7 is the strong threat.} Rg8 $2 (41... Bd8 $16 {is a better defense.} 42. Ne7 Rf6) 42. h4 {[%emt 0:01:02] Threatening mate with Qe7.} Re8 {[%emt 0:00:54] Inhibits Qe7.} 43. Qf3 Re1+ 44. Kg2 Qxf3+ 45. Kxf3 Ra1 46. h5 {[%emt 0:00:21] Hoping for h6.} Rxa3 47. Ke4 (47. Ke3 $142) 47... Ra1 {[%emt 0:00:56] [#]} 48. Bc4 $1 b5 49. Be6 Re1+ (49... a5 $16) 50. Kf3 h6 51. Nxh6 {[%emt 0:00:18] And now Nhf7+ would win. Pair of Knights!} Kg7 52. Ng4 Rf1+ (52... Rb1 $142 53. Bd7 Bd6 54. Bxc6 Rf1+ 55. Ke2 Rf5) 53. Ke2 Rf8 $2 (53... Rh1 54. h6+ Kf8) 54. Bd7 Rh8 55. Ne6+ Kf7 56. Nxc7 Rxh5 57. Be8+ {[%emt 0:00:03] Weighted Error Value: White=0.27 (precise) /Black=0.63} 1-0

[Event "Silver Lake Festival 2022"]
[Site "Veliko Gradiste"]
[Date "2022.06.26"]
[Round "9.5"]
[White "Mamedov, Edgar"]
[Black "Zanan, Evgeny"]
[Result "1/2-1/2"]
[ECO "D00"]
[WhiteElo "2004"]
[BlackElo "2534"]
[Annotator "TA"]
[PlyCount "90"]
[EventDate "2022.06.16"]
[EventType "swiss"]
[EventCountry "SRB"]
[SourceTitle "playchess.com"]
[Source "ChessBase"]
[SourceQuality "1"]
[TimeControl "5400+30"]

1. d4 Nf6 2. Bg5 d5 3. e3 c5 4. Bxf6 gxf6 5. dxc5 Nc6 6. Bb5 {[%emt 0:03:01] D00: 1 d4 d5: Unusual lines.} e5 {[%emt 0:04:20] [#]} (6... e6 $11) 7. c4 $146 (7. Nc3 $16) ({Predecessor:} 7. b4 a5 8. c3 Bg7 9. Ne2 O-O 10. O-O axb4 11. cxb4 Nxb4 12. Nbc3 Be6 13. f4 {0-1 (35) Khotenashvili,B (2479)-Gunina,V (2496) St Petersburg 2018}) 7... dxc4 8. Qxd8+ (8. Qf3 $1 $14) 8... Kxd8 $11 9. Bxc4 Be6 10. Nd2 Bxc5 11. Ne2 Ke7 12. a3 {[%emt 0:04:29] Prevents Nb4.} Rhd8 13. Rc1 {[%emt 0:02:29] Bxe6 is the strong threat.} Bb6 14. Bxe6 fxe6 15. Nc3 Rac8 16. Ke2 f5 17. Nc4 Bc7 18. f3 a6 19. b4 (19. Na4 $11) 19... b5 $17 20. Nd2 Bb6 21. Nb3 h5 22. Nb1 Nb8 ({Black should play} 22... f4 $15 23. exf4 exf4) 23. N1d2 $11 Nd7 24. g3 Nf6 25. e4 h4 26. Nc5 {[%emt 0:03:41] [#]} (26. Rxc8 $11 {keeps the balance.} Rxc8 27. Rc1 Rxc1 28. Nxc1) 26... Bxc5 (26... Nh5 $142 $1 27. Rhg1 a5 28. exf5 exf5) 27. Rxc5 $17 Rxc5 28. bxc5 {[%emt 0:00:02][%mdl 4096] Endgame KRN-KRN} Rd4 ({Better is} 28... Nh5 $17 29. gxh4 Nf4+ 30. Kd1 Nd3) 29. Rc1 Kd8 30. gxh4 fxe4 31. fxe4 Nxe4 32. Nf3 Ra4 33. h5 Rxa3 34. h6 {[%emt 0:00:17] Strongly threatening h7.} ({Reject} 34. Nxe5 Rh3 35. h6 b4 36. Nc6+ Kc7 37. Nxb4 a5) 34... Nf6 35. Nxe5 (35. Rd1+ $1 $14 Kc7 36. h4 (36. Nxe5 Rh3 $11)) 35... Ra2+ $11 {[%emt 0:03:16] The position is equal.} 36. Kd3 {[%emt 0:00:16] And now Rf1 would win.} Rxh2 37. Rf1 Rh3+ 38. Kc2 Ke7 39. Nc6+ {[%emt 0:00:51][%mdl 1024] White has compensation.} Kd7 40. Ne5+ Ke7 41. Ng6+ Kf7 {[%emt 0:00:30] [#]} 42. c6 $1 Rh5 (42... Rxh6 $2 43. c7 Rxg6 44. c8=Q $18) 43. c7 Rc5+ 44. Kb2 {[%emt 0:00:30] Intending h7 and mate.} Rxc7 45. h7 Rc8 {[%emt 0:00:00] Weighted Error Value: White=0.16 (very precise) /Black=0.17 (very precise)} 1/2-1/2

[Event "Silver Lake Festival 2022"]
[Site "Veliko Gradiste"]
[Date "2022.06.26"]
[Round "9.7"]
[White "Anuj Shrivatri"]
[Black "Creanga, Robert-Ionut"]
[Result "1-0"]
[ECO "C00"]
[WhiteElo "2356"]
[BlackElo "2201"]
[Annotator "TA"]
[PlyCount "83"]
[EventDate "2022.06.16"]
[EventType "swiss"]
[EventCountry "SRB"]
[SourceTitle "playchess.com"]
[Source "ChessBase"]
[SourceQuality "1"]
[TimeControl "5400+30"]

1. Nf3 Nf6 2. g3 e6 3. Bg2 d5 4. O-O Be7 5. d3 c5 6. Nbd2 Nc6 7. e4 O-O 8. Re1 Qc7 9. c3 dxe4 10. dxe4 e5 11. Nh4 {[%emt 0:06:04] [#] C00: French: Unusual White 2nd moves.} g6 $146 ({Predecessor:} 11... Rd8 12. Qe2 Bg4 13. Bf3 Be6 14. Nc4 b5 15. Ne3 c4 16. a4 a6 17. axb5 axb5 18. Rxa8 Rxa8 {0-1 (56) Injac,T (2314)-Smirnov,P (2544) Chess.com INT 2021}) 12. Qe2 Ne8 13. Nhf3 {[%emt 0:11:05] White is slightly better.} Nd6 14. h4 h5 15. Nf1 Be6 16. N3d2 Bg4 17. Bf3 Bxf3 18. Qxf3 Qd7 19. Ne3 Qe6 20. Nd5 {[%emt 0:07:25] And now Nc7 would win.} Rac8 {[%emt 0:01:00] Against Nc7} 21. Nb3 Nc4 (21... b6 $11) 22. Qe2 ({White should play} 22. Rd1 $14) 22... N6a5 (22... Nb6 $11 {remains equal.}) 23. Nxa5 $16 (23. Bh6 {with more complications.} Rfe8 24. Nxa5 Nxa5 25. Qb5) 23... Nxa5 24. b3 Bd8 25. Bh6 Re8 26. Rad1 $36 {[%emt 0:00:07][%mdl 2048] White is really pushing.} a6 27. Rd2 b5 28. Red1 Nb7 29. Kh2 {[%emt 0:02:01] 0x0.000bd737f166dp-1022s more active pieces. The black rooks are badly placed.} Kh7 30. Be3 Kg7 31. Kg2 Ra8 ({Better is} 31... c4) 32. Bg5 {[%emt 0:01:18] Threatens to win with Bxd8.} f6 33. Be3 Qc6 (33... Rc8 $16 {is a better defense.} 34. a4 bxa4) 34. g4 $18 hxg4 35. Qxg4 {[%emt 0:00:06][%cal Od5c7] Black must now prevent Nc7!} Rh8 $2 {[%emt 0:01:18] [#]} (35... Qe6 36. Nxf6 Bxf6 37. Rd7+ Kh8 38. Qxe6 (38. Qxg6 Qg8 $11) 38... Rxe6) 36. Nb4 $1 {[%emt 0:04:44][%mdl 512] White threatens Rd7+ and mate.} cxb4 (36... f5 37. Rd7+) 37. Rd7+ {[%emt 0:00:06][%mdl 64] Deflection. White mates.} Kf8 38. Qxg6 Be7 39. Bh6+ Rxh6 40. Qxh6+ Ke8 41. Qh8+ {[%emt 0:00:17][%mdl 64] [#] Skewer} Bf8 42. Qh5# {[%emt 0:00:05] Weighted Error Value: White=0.08 (flawless) /Black=0.41} 1-0

[Event "Silver Lake Festival 2022"]
[Site "Veliko Gradiste"]
[Date "2022.06.26"]
[Round "9.8"]
[White "Manish Anto Cristiano F"]
[Black "Martic, Ivan"]
[Result "0-1"]
[ECO "D46"]
[WhiteElo "2071"]
[BlackElo "2314"]
[Annotator "TA"]
[PlyCount "47"]
[EventDate "2022.06.16"]
[EventType "swiss"]
[EventCountry "SRB"]
[SourceTitle "playchess.com"]
[Source "ChessBase"]
[SourceQuality "1"]
[TimeControl "5400+30"]

1. d4 d5 2. c4 c6 3. Nc3 Nf6 4. e3 e6 5. Nf3 Nbd7 6. Qc2 Bd6 7. Bd3 dxc4 8. Bxc4 b5 9. Be2 {[%emt 0:00:13] 9.Be2 is better than 9.Bd3.} Bb7 10. O-O O-O {[%emt 0:00:06][%mdl 32768] [#] Sensor Board Error (Ke4/e5)?} {Predecessor:} 11. e4 $146 {D46: Semi-Slav: 5 e3 Nbd7 6 Bd3, Black avoids the Meran.} e5 12. dxe5 Nxe5 13. Nd4 Neg4 14. Nf5 Bxh2+ 15. Kh1 Bb8 16. Bg5 Bc8 17. Rad1 Qc7 18. Nd6 a6 19. g3 h6 20. Bxf6 Nxf6 21. e5 Nd5 22. Nxd5 cxd5 23. Qxc7 Bxc7 24. Nxc8 {½-½ (24) Mareco,S (2652)-Durarbayli,V (2628) Havana 2022} 0-1

[Event "Silver Lake Festival 2022"]
[Site "Veliko Gradiste"]
[Date "2022.06.26"]
[Round "9.9"]
[White "Govedarica, Radovan"]
[Black "Ojas Kulkarni"]
[Result "1/2-1/2"]
[ECO "C68"]
[WhiteElo "2289"]
[BlackElo "2235"]
[Annotator "TA"]
[PlyCount "34"]
[EventDate "2022.06.16"]
[EventType "swiss"]
[EventCountry "SRB"]
[SourceTitle "playchess.com"]
[Source "ChessBase"]
[SourceQuality "1"]
[TimeControl "5400+30"]

1. e4 e5 2. Nf3 Nc6 3. Bb5 a6 4. Bxc6 dxc6 5. O-O Bg4 6. h3 Bh5 7. d3 f6 {[%emt 0:07:38] C68: Ruy Lopez: Exchange Variation, sidelines.} 8. Be3 c5 9. Nbd2 Bd6 {[%emt 0:00:16] [#]} 10. g3 $146 (10. a3 $11) ({Predecessor:} 10. a4 Ne7 11. Qb1 O-O 12. Nh4 Qd7 13. Kh1 Kh8 14. a5 b5 15. Rg1 Bf7 16. Qd1 {0-1 (36) Polak,T (2502)-Rausis,I (2518) Ledec nad Sazavou 2013}) 10... Ne7 $15 11. Kg2 Nc6 12. Qb1 Qd7 13. Ng1 g5 14. g4 Bxg4 15. hxg4 Qxg4+ 16. Kh2 Qh4+ (16... f5 $17 17. Nh3 f4) 17. Kg2 $1 $11 {[%emt 0:05:49] Threatens to win with Ne2.} Qg4+ {[%emt 0:01:21] Weighted Error Value: White=0.21 (precise) /Black=0.17 (very precise)} 1/2-1/2

[Event "Silver Lake Festival 2022"]
[Site "Veliko Gradiste"]
[Date "2022.06.26"]
[Round "9.10"]
[White "Petrovic, Dragan R"]
[Black "Manakova, Maria"]
[Result "1/2-1/2"]
[ECO "B33"]
[WhiteElo "2143"]
[BlackElo "2278"]
[Annotator "TA"]
[PlyCount "33"]
[EventDate "2022.06.16"]
[EventType "swiss"]
[EventCountry "SRB"]
[SourceTitle "playchess.com"]
[Source "ChessBase"]
[SourceQuality "1"]
[TimeControl "5400+30"]

1. e4 c5 2. Nf3 Nc6 3. d4 cxd4 4. Nxd4 Nf6 5. Nc3 e5 6. Nf5 d5 7. exd5 Bxf5 8. dxc6 Qxd1+ 9. Nxd1 bxc6 10. Ne3 {[%emt 0:01:54] B33: Sicilian: Pelikan and Sveshnikov Variations.} Be4 11. Bd2 Bc5 12. O-O-O {[%emt 0:02:49] The position is equal.} O-O 13. f3 Bg6 {[%emt 0:00:41] [#]} 14. Bc4 $146 ({Predecessor:} 14. Ba6 Rab8 15. Rhe1 e4 16. fxe4 Nxe4 17. Ba5 Nf2 18. Rd7 Rfe8 19. Nc4 Rxe1+ 20. Bxe1 {1-0 (40) Mueller,K (2527)-Abel,E Forchheim 2000}) 14... Bd4 15. Rhe1 {[%emt 0:05:02] White is slightly better.} Rab8 16. Bb3 e4 17. Nc4 {[%emt 0:05:42] Against Be5.  Weighted Error Value: White=0.02 (flawless) /Black=0.08 (flawless)} 1/2-1/2

[Event "Silver Lake Festival 2022"]
[Site "Veliko Gradiste"]
[Date "2022.06.26"]
[Round "9.11"]
[White "Herega, Nejc"]
[Black "Efremov, Vladislav"]
[Result "1/2-1/2"]
[ECO "D12"]
[WhiteElo "2160"]
[BlackElo "2125"]
[Annotator "RC"]
[PlyCount "84"]
[EventDate "2022.06.16"]
[EventType "swiss"]
[EventCountry "SRB"]
[SourceTitle "playchess.com"]
[Source "ChessBase"]
[SourceQuality "1"]
[TimeControl "5400+30"]

1. d4 d5 2. c4 c6 3. Nf3 Nf6 4. e3 Bf5 5. Nc3 e6 6. Nh4 Be4 7. f3 Bg6 8. g3 Be7 9. Bd2 Nbd7 10. Be2 c5 11. cxd5 cxd4 12. exd4 Nxd5 13. Nxg6 Nxc3 14. Bxc3 hxg6 15. d5 Bd6 16. dxe6 Bxg3+ 17. Kd2 Bf4+ 18. Kc2 fxe6 19. Qd3 Qg5 20. Rag1 Qf5 21. Rxg6 Rxh2 22. Rxh2 Bxh2 23. Rxg7 Qxd3+ 24. Bxd3 O-O-O 25. Bc4 Re8 26. Bb5 Rd8 27. Re7 Nc5 28. Ba5 Rf8 29. b4 b6 30. bxc5 bxa5 31. c6 a6 32. Bxa6+ Kb8 33. Rb7+ Ka8 34. Rd7 Kb8 35. Rb7+ Ka8 36. Re7 Kb8 37. Kd1 Bc7 38. Ke2 e5 39. Bb7 Rf4 40. Rd7 Rh4 41. Rd2 Rh2+ 42. Kd3 Rxd2+ 1/2-1/2